 Dungeon Crawl Stone Soup version 0.29.1-12-g30fa7ad0bf (webtiles) character file.

Game seed: 7626429909858288757

852 wormed the Trooper (level 8, -2/61 HPs)
             Began as a Djinni Fire Elementalist on Dec 22, 2022.
             Slain by a wight
             ... wielding a +0 trident
              (9 damage)
             ... on level 4 of the Dungeon.
             The game lasted 00:06:28 (5343 turns).

wormed the Trooper (Djinni Fire Elementalist)       Turns: 5343, Time: 00:06:28

Health: -2/61      AC:  2    Str:  7    XL:     8   Next: 21%
Gold:   262        EV: 12    Int: 19    God:
                   SH:  0    Dex: 14

rFire   + + .      SeeInvis .   (no weapon)
rCold   x . .      Faith    .   (no shield)
rNeg    . . .      Spirit   .   a - +0 robe
rPois   ∞          Reflect  .   (no helmet)
rElec   .          Harm     .   (no cloak)
rCorr   .          Rampage  .   (no gloves)
Will    +....                   (boots unavailable)
Stlth   ++........              (no amulet)
HPRegen 0.20/turn               d - ring of willpower
MPRegen 0.00/turn               (no ring)

@: flying
A: sickness immunity, fire resistance 2, cold vulnerability 1, float, innate
caster, HP casting, extra vitality 1
a: no special abilities


You were on level 4 of the Dungeon.
You visited 1 branch of the dungeon, and saw 4 of its levels.

You collected 262 gold pieces.

Inventory:

Armour
 a - a +0 robe (worn)
Jewellery
 d - a ring of willpower (left hand)
 n - a ring of resist corrosion
Wands
 g - a wand of digging (6)
Scrolls
 b - 2 scrolls of identify
 c - a scroll of noise {unknown}
 f - a scroll of vulnerability {unknown}
 h - 3 scrolls of magic mapping {unknown}
 i - a scroll of summoning {unknown}
 j - a scroll of amnesia {unknown}
 k - a scroll of teleportation {unknown}
 l - a scroll of fear {unknown}
 o - 3 scrolls of enchant weapon {unknown}
Potions
 e - a potion of haste
 m - a potion of heal wounds {unknown}
 p - a potion of attraction {unknown}


   Skills:
 + Level 6.0 Fighting
 - Level 2.1 Dodging
 - Level 1.5 Stealth
 + Level 5.3 Spellcasting


You couldn't memorise any spells.
You knew the following spells:

 Your Spells              Type           Power      Damage    Failure   Level
a - Foxfire               Conj/Fire      100%       2x1d9     1%          1
b - Scorch                Fire           50%        2d8       1%          2
c - Conjure Flame         Conj/Fire      25%        6-21      4%          3
d - Inner Flame           Hex/Fire       25%        N/A       4%          3
e - Flame Wave            Conj/Fire      25%        2d8       14%         4
f - Shock                 Conj/Air       100%       1d9       1%          1
g - Ensorcelled Hibernat  Hex/Ice        50%        N/A       1%          2
h - Lesser Beckoning      Tloc           25%        N/A       4%          3
Your spell library was empty.

Dungeon Overview and Level Annotations

Branches:
Dungeon (4/15)
 Temple: D:4-7

Altars:
Elyvilon


Innate Abilities, Weirdness & Mutations

You are immune to sickness and miasma.
You are immune to poison.
Your flesh is very heat resistant. (rF++)
You are vulnerable to cold. (rC-)
You float through the air rather than walking.
You learn spells naturally, not from books.
Your magical power is your life essence.
You have superior vitality. (+4 MHP)


Message History

Press: ? - help, Q - select action, (/) - cycle Dir - look around, f - activate Flames lash the wight.
The wight is burned terribly!
You destroy the wight!
The wight misses you. The wight closely misses you.
Your Fighting skill increases to level 6!
Casting: Scorch (safe; 1% risk of failure)
Press: ? - help, Q - select action, (/) - cycle Dir - look around, f - activate Flames lash the wight but do no damage.
The wight closely misses you. The wight barely misses you.
Casting: Scorch (safe; 1% risk of failure)
Press: ? - help, Q - select action, (/) - cycle Dir - look around, f - activate Flames lash the wight.
The wight is moderately damaged.
The wight's fire resistance burns away.
The wight hits you from afar with a +0 trident.
The wight misses you.
Casting: Scorch (safe; 1% risk of failure)
Press: ? - help, Q - select action, (/) - cycle Dir - look around, f - activate Flames lash the wight but do no damage.
The wight closely misses you. x2
Casting: Scorch (safe; 1% risk of failure)
Press: ? - help, Q - select action, (/) - cycle Dir - look around, f - activate Flames lash the wight.
The wight is lightly damaged.
The wight's fire resistance burns away.
The wight hits you from afar with a +0 trident.
The wight hits you with a +4 dagger.
* * * LOW HITPOINT WARNING * * *
Casting: Scorch (safe; 1% risk of failure)
Press: ? - help, Q - select action, (/) - cycle Dir - look around, f - activate Flames lash the wight but do no damage.
* * * LOW HITPOINT WARNING * * *
The wight barely misses you. The wight hits you with a +4 dagger!
* * * LOW HITPOINT WARNING * * *
As you read the scroll labelled ACEMMAUGIS, it crumbles to dust.
It is a scroll of identify.
e - a potion of haste The wight is no longer more vulnerable to fire.
The wight hits you from afar with a +0 trident!
You die...

..>########.........#.######.#
##.### #.........#.# #.#
.....# #.........#.# ###
.....# #.........#.# .....#
#.........#.# .....#
#.........#.# .....#
#.....z)..#.# .....#
#......)..#.# ....)#
#....z@...#.# .....#
#.........#.## ##.###
#.#..#'###...##### #.#
#.#..#.# #.......# #.##
#.#..#.###...#####.## ##..###
#.#..#[.............. ..#...#
#.#..#############.##
..###.#####.#..# #.# ..#
#....#..#..# #.#


You could see 2 wights.

Vanquished Creatures
  Grinder (D:4)
  Menkaure (D:4)
  2 black bears (D:4)
  A scorpion (D:4)
  2 wights (D:4)
  Natasha (thrice) (D:4)
  3 adders
  2 worms
  3 dart slugs
  An orc (D:3)
  7 endoplasms
  5 giant cockroaches
  4 goblins
  7 hobgoblins
  5 jackals
  4 quokkas
  7 bats
  2 frilled lizards
  10 kobolds
  8 rats
78 creatures vanquished.

Vanquished Creatures (others)
  13 foxfires (D:1)
  7 plants (D:3)
20 creatures vanquished.

Grand Total: 98 creatures vanquished

Notes
Turn   | Place    | Note
-------+----------+-------------------------------------------
     0 | D:1      | wormed the Djinni Fire Elementalist began the quest for the
                  | Orb.
     0 | D:1      | wormed set off with the following spells memorised:
                  | Foxfire, Scorch, Conjure Flame, Inner Flame, Flame Wave.
     0 | D:1      | Reached XP level 1. HP: 15/15 MP: 0/0
   237 | D:1      | Reached XP level 2. HP: 20/22 MP: 0/0
   238 | D:1      | Reached skill level 1 in Fighting
  1061 | D:1      | Reached XP level 3. HP: 20/27 MP: 0/0
  1061 | D:1      | Learned a level 1 spell: Shock
  1313 | D:1      | Found a faded altar of an unknown god.
  1671 | D:2      | Reached skill level 2 in Fighting
  1909 | D:2      | Reached XP level 4. HP: 20/33 MP: 0/0
  3009 | D:3      | Found a white marble altar of Elyvilon.
  3222 | D:3      | Reached XP level 5. HP: 9/40 MP: 0/0
  3222 | D:3      | Learned a level 2 spell: Ensorcelled Hibernation
  3653 | D:4      | Noticed Grinder
  3659 | D:4      | Killed Grinder
  3660 | D:4      | Reached skill level 4 in Fighting
  3660 | D:4      | Reached XP level 6. HP: 29/47 MP: 0/0
  4093 | D:4      | Noticed Menkaure
  4099 | D:4      | Killed Menkaure
  4100 | D:4      | Reached XP level 7. HP: 20/53 MP: 0/0
  4100 | D:4      | Learned a level 3 spell: Lesser Beckoning
  4102 | D:4      | Noticed Natasha
  4105 | D:4      | Killed Natasha
  4106 | D:4      | Reached skill level 5 in Fighting
  4471 | D:4      | Noticed Natasha
  4478 | D:4      | Killed Natasha
  4953 | D:4      | Reached skill level 5 in Spellcasting
  4953 | D:4      | Reached XP level 8. HP: 35/61 MP: 0/0
  5235 | D:4      | Noticed Natasha
  5239 | D:4      | Killed Natasha
  5338 | D:4      | Reached skill level 6 in Fighting
  5343 | D:4      | Slain by a wight

Illustrated notes

Levels and vault maps discovered:
D:1:      minmay_arrival_five_plusses, layout_loops_ring,
          chequers_ecumenical_altar_grove, hangedman_decor_points
D:2:      minmay_wonky_spiral, layout_loops_ring
D:3:      layout_rooms, nicolae_elyvilon_temple_path
D:4:      black_bear_nest_2, layout_basic, kennysheep_generic_room_5,
          uniq_natasha, uniq_grinder, uniq_menkaure

Skill      XL: |  1  2  3  4  5  6  7  8 |
---------------+-------------------------+-----
Fighting       | 1 2 4 5 6 |  6.0
Spellcasting   | 3 4 5 |  5.3
Dodging        | |  2.1
Stealth        | |  1.5

Action                   |  1- 3 |  4- 6 |  7- 9 || total
-------------------------+-------+-------+-------++-------
Melee: Unarmed           |       |     3 |       ||     3
 Cast: Foxfire           |     8 |       |       ||     8
       Scorch            |    35 |    45 |    38 ||   118
  Use: Scroll            |       |       |     1 ||     1
Armor: Robe              |       |       |     1 ||     1
Dodge: Dodged            |    11 |     8 |    13 ||    32
